 Dungeon Crawl Stone Soup version 0.22.0-16-gc6d26f6 (webtiles) character file.

4 Amnesiac the Vandal (level 1, 0/16 HPs)
             Began as a Mummy Hunter on Aug 17, 2018.
             Slain by a giant cockroach (2 damage)
             ... on level 1 of the Dungeon.
             The game lasted 00:00:27 (200 turns).

Amnesiac the Vandal (Mummy Hunter)                   Turns: 200, Time: 00:00:28

Health: 0/16       AC:  3    Str: 15    XL:     1   Next: 58%
Magic:  1/1        EV: 11    Int: 10    God:
Gold:   21         SH:  0    Dex: 12    Spells: 0/0 levels left

rFire    x . .     SeeInvis .   b - +0 short sword
rCold    + . .     Gourm    .   (no shield)
rNeg     + + +     Faith    .   c - +0 leather armour
rPois    ∞         Spirit   .   (no helmet)
rElec    .         Reflect  .   (no cloak)
rCorr    .         Harm     .   (no gloves)
MR       .....                  (no boots)
Stlth    +.........             (no amulet)
HPRegen  0.05/turn              (no ring)
MPRegen  0.07/turn              (no ring)

@: no status effects
A: no food or potions, fire vulnerability, cold resistance 1, negative energy
resistance 3, torment resistance, unbreathing
a: no special abilities


You were on level 1 of the Dungeon.
You were not hungry.

You visited 1 branch of the dungeon, and saw 1 of its levels.

You collected 21 gold pieces.

Inventory:

Hand Weapons
 a - a +1 hunting sling
 b - a +0 short sword (weapon)
Missiles
 d - 20 sling bullets
 e - 5 stones (quivered)
Armour
 c - a +0 leather armour (worn)
Scrolls
 f - a scroll of fear {!r, unknown}


   Skills:
 + Level 2.1 Fighting
 * Level 3.4 Slings
 - Level 1.5 Dodging
 - Level 0.7 Stealth


You couldn't memorise any spells.
You didn't know any spells.
Your spell library was empty.

Dungeon Overview and Level Annotations

Branches:
Dungeon (1/15)

Altars:


Innate Abilities, Weirdness & Mutations

You do not eat or drink.
Your flesh is vulnerable to fire.
You are immune to poison.
Your flesh is cold resistant. (rC+)
You are immune to negative energy. (rN+++)
You are immune to unholy pain and torment.
You can survive without breathing.


Message History

The goblin hits you. The rat bites you.
You hit the goblin.
You kill the goblin!
The rat closely misses you.
You closely miss the rat. The rat barely misses you.
You closely miss the rat. The rat misses you.
You closely miss the rat. The rat barely misses you.
You hit the rat.
You kill the rat!
No target in view!
You start resting.
HP restored.
You start resting.
Things that are here:
a goblin corpse; a hobgoblin corpse
Found 13 poisoned needles.
HP restored.
Found a ration.
You now have 21 gold pieces (gained 9).
As you open the door, it creaks loudly!
You hear an angry hiss.
There is an open door here.
A leopard gecko comes into view.
Found a fizzy coppery potion.
You hit the leopard gecko but do no damage.
The leopard gecko barely misses you.
The leopard gecko bites you but does no damage.
You miss the leopard gecko. The leopard gecko barely misses you.
You closely miss the leopard gecko.
The leopard gecko completely misses you.
A giant cockroach comes into view.
You hit the leopard gecko.
The leopard gecko is heavily wounded.
The leopard gecko barely misses you.
The leopard gecko bites you but does no damage.
You barely miss the leopard gecko.
The leopard gecko is heavily wounded.
The leopard gecko bites you.
You closely miss the leopard gecko.
The leopard gecko is heavily wounded.
The leopard gecko bites you but does no damage.
The giant cockroach bites you.
You closely miss the leopard gecko.
The leopard gecko is heavily wounded.
The leopard gecko bites you but does no damage.
The giant cockroach closely misses you. The leopard gecko bites you.
* * * LOW HITPOINT WARNING * * *
The giant cockroach misses you.
You miss the leopard gecko.
The leopard gecko is heavily wounded.
The leopard gecko completely misses you.
The giant cockroach barely misses you.
You miss the leopard gecko.
The leopard gecko is heavily wounded.
The leopard gecko closely misses you.
The giant cockroach bites you but does no damage.
You hit the leopard gecko.
The leopard gecko is almost dead.
The leopard gecko bites you.
* * * LOW HITPOINT WARNING * * *
The giant cockroach bites you but does no damage.
The leopard gecko bites you.
* * * LOW HITPOINT WARNING * * *
The giant cockroach bites you.
You die...

#........#.††....
.......#........#.......
..!....#........#.#####.
#.....#........#.......
#.....#........#.......
##.....#........#.......
.......#........#.......
#...l##'#######.#.####
+.%..@s.........#.#
#.................#
#...#####....#..#(# #...
#....#..#.# ###
#....#..# # ..........
##..........
#.....#..#.#


You could see a leopard gecko and a giant cockroach.

Vanquished Creatures
  A goblin (D:1)
  A hobgoblin (D:1)
  A frilled lizard (D:1)
  A kobold (D:1)
  A rat (D:1)
5 creatures vanquished.

Notes
Turn   | Place    | Note
-------+----------+-------------------------------------------
     0 | D:1      | Amnesiac the Mummy Hunter began the quest for the Orb.
     0 | D:1      | Reached XP level 1. HP: 16/16 MP: 1/1
   200 | D:1      | Slain by a giant cockroach

Action                   || total
-------------------------++-------
Melee: Short sword       ||    28
 Fire: Hunting sling     ||     6
Armor: Leather armour    ||     8
Dodge: Dodged            ||    23
